 Dungeon Crawl Stone Soup version 0.28-a0-1518-gbe868bca14 (webtiles) character file.

Game seed: 7149424048864598256

8 knot the Chopper (level 2, 23/24 HPs)
             Began as a Demonspawn Berserker on Jan 17, 2022.
             Was a Follower of Trog.
             Quit the game on level 1 of the Dungeon.
             The game lasted 00:00:15 (664 turns).

knot the Chopper (Demonspawn Berserker)              Turns: 664, Time: 00:00:16

Health: 23/24      AC:  2    Str: 17    XL:     2   Next: 0%
Magic:  2/2        EV: 12    Int:  8    God:    Trog [*.....]
Gold:   37         SH:  0    Dex: 12    Spells: 1/1 levels left

rFire   . . .      SeeInvis .   a - +0 hand axe
rCold   . . .      Faith    .   (no shield)
rNeg    . . .      Spirit   .   b - +0 animal skin
rPois   .          Reflect  .   (no helmet)
rElec   .          Harm     .   (no cloak)
rCorr   .          Rampage  .   (no gloves)
Will    .....                   (no boots)
Stlth   +.........              (no amulet)
HPRegen 0.08/turn               (no ring)
MPRegen 0.08/turn               (no ring)

@: no status effects
A: demonic touch 1
a: Renounce Religion, Berserk


You were on level 1 of the Dungeon.
You worshipped Trog.
Trog was aware of your devotion.
You visited 1 branch of the dungeon, and saw 1 of its levels.

You collected 37 gold pieces.

Inventory:

Hand Weapons
 a - a +0 hand axe (weapon)
Missiles
 d - 17 stones (quivered)
 h - 6 atropa-tipped darts
Armour
 b - a +0 animal skin (worn)
Jewellery
 i - a +6 ring of strength
Scrolls
 g - a scroll of identify {unknown}
Potions
 c - a potion of flight {unknown}
 e - a potion of heal wounds {unknown}
 f - a potion of cancellation {unknown}


   Skills:
 - Level 3.0 Fighting
 + Level 3.2 Axes
 - Level 1.7 Armour
 - Level 1.7 Dodging


You had one spell level left.
You didn't know any spells.
Your spell library was empty.

Dungeon Overview and Level Annotations

Branches:
Dungeon (1/15)

Altars:


Innate Abilities, Weirdness & Mutations

Your touch may inflict minor irresistible damage on your foes.


Message History

You see here a +0 dagger.
An endoplasm comes into view.
A goblin comes into view. It is wielding a +0 club.
The goblin shouts!
There are monsters nearby!
There are monsters nearby!
The endoplasm quivers.
There are monsters nearby!
The goblin barely misses you. The endoplasm hits you.
You slash the goblin!
You kill the goblin!
Trog accepts your kill.
You hit the endoplasm but do no damage. The endoplasm freezes you.
You are frozen.
You slash the endoplasm!
You kill the endoplasm!
Trog accepts your kill.
No target in view!
No target in view!
Things that are here:
a +0 club; a goblin corpse No target in view!
You now have 37 gold pieces (gained 8).
A ball python comes into view.
A ball python is nearby!
The ball python bites you but does no damage.
The ball python misses you.
You closely miss the ball python.
The ball python bites you but does no damage.
The ball python grabs you. The ball python constricts you.
The ball python closely misses you. The ball python constricts you.
You hit the ball python.
You kill the ball python!
Trog accepts your kill.
You have reached level 2!
You feel monstrous as your demonic heritage exerts itself.
Your demonic ancestry asserts itself...
Your hands begin to faintly glow with unholy energy.
Are you sure you want to abandon this character and quit the game? (Confirm with "yes".)

#######..#...⌠..
...#####........#......
... ..#.##...#.##...⌠.
# ............#..+.....
#. ....#.##...#.###....
#.#.#........#(..####.
#.......#....###.#####
#..........##.......
#@.#.######.......
#..#.# #.######
####....# #.......
#.......# ######.#
#.......######### #.#
#.......#.......# #..
###.#####.......# #..
#.# #.......# ##. #.#
#.......# #.


There were no monsters in sight!

Vanquished Creatures
  A dart slug (D:1)
  An endoplasm (D:1)
  A goblin (D:1)
  A ball python (D:1)
  A frilled lizard (D:1)
  A kobold (D:1)
  A rat (D:1)
7 creatures vanquished.

Notes
Turn   | Place    | Note
-------+----------+-------------------------------------------
     0 | D:1      | knot the Demonspawn Berserker began the quest for the Orb.
     0 | D:1      | Reached XP level 1. HP: 18/18 MP: 1/1
   664 | D:1      | Discovered your monstrous ancestry.
   664 | D:1      | Gained mutation: Your touch may inflict minor irresistible
                  | damage on your foes. [demonic ancestry]
   664 | D:1      | Reached XP level 2. HP: 23/24 MP: 2/2
   664 | D:1      | Quit the game

Illustrated notes

Levels and vault maps discovered:
D:1:      dpeg_arrival_stone_temple_mockup, layout_basic

Skill      XL: |  1 |
---------------+----+-----
Axes           | 3 |  3.2
Fighting       | |  3.0
Armour         | |  1.7
Dodging        | |  1.7

Action                   || total
-------------------------++-------
Melee: Hand axe          ||    15
       Punch             ||     1
Armor: Animal skin       ||     4
Dodge: Dodged            ||     8

Table legend: (Time is in decaauts)
 A = Elapsed time spent in this place.
 B = Non-inter-level travel time spent in this place.
 C = Inter-level travel time spent in this place.
 D = Time resting spent in this place.
 E = Time spent auto-exploring this place.
 F = Levels seen in this place.
 G = Mean time per level.
                   A        B        C        D        E       F      G
               +--------+--------+--------+--------+--------+-----+--------+
         Total |    666 |    666 |      0 |      0 |    612 |   1 |  666.0 |
       Dungeon |    666 |    666 |      0 |      0 |    612 |   1 |  666.0 |
               +--------+--------+--------+--------+--------+-----+--------+

Top non-repeatable levels by time:
     D:1: 666 daAuts
